 Dungeon Crawl Stone Soup version 0.26.1-11-gd32895ea62 (webtiles) character file.

Game seed: 16937863143894968334

95 nothank2 the Firebug (level 4, -1/33 HPs)
             Began as a Draconian Fire Elementalist on July 9, 2021.
             Slain by Grinder (7 damage)
             ... on level 3 of the Dungeon.
             The game lasted 00:05:10 (2038 turns).

nothank2 the Firebug (Draconian Fire Elementalist)  Turns: 2038, Time: 00:05:10

Health: -1/33      AC:  4    Str: 10    XL:     4   Next: 40%
Magic:  3/8        EV: 12    Int: 17    God:
Gold:   126        SH:  0    Dex: 11    Spells: 0/8 levels left

rFire    . . .     SeeInvis +   h - +1 short sword (drain)
rCold    . . .     Faith    .   (no shield)
rNeg     . . .     Spirit   .   (armour unavailable)
rPois    .         Reflect  .   (helmet restricted)
rElec    .         Harm     .   (no cloak)
rCorr    .         Rampage  .   j - -2 pair of gloves (curse)
Will     .....                  (no boots)
Stlth    ++........             (no amulet)
HPRegen  0.11/turn              n - ring of see invisible
MPRegen  0.11/turn              (no ring)

@: no status effects
A: unfitting armour, cold-blooded, AC +5
a: no special abilities


You were on level 3 of the Dungeon.
You visited 1 branch of the dungeon, and saw 3 of its levels.

You collected 126 gold pieces.

Inventory:

Hand Weapons
 f - a +0 dagger
 h - a +1 short sword of draining (weapon)
Armour
 j - a cursed -2 pair of gloves (worn)
 l - a +0 pair of gloves
Jewellery
 n - a ring of see invisible (left hand)
Scrolls
 a - 5 scrolls of identify {unknown}
 g - a scroll of magic mapping {unknown}
 i - a scroll of enchant armour {unknown}
 k - a scroll of fog {unknown}
 m - a scroll of remove curse {unknown}
 o - a scroll of enchant weapon {unknown}
Potions
 b - 2 potions of curing {unknown}
 c - a potion of flight {unknown}
 d - 2 potions of degeneration {unknown}
 e - a potion of haste {unknown}


   Skills:
 - Level 1.7 Dodging
 - Level 1.7 Stealth
 + Level 2.9 Spellcasting
 + Level 2.5 Conjurations
 + Level 3.9 Fire Magic


You couldn't memorise any spells.
You knew the following spells:

 Your Spells              Type           Power        Failure   Level
a - Foxfire               Conj/Fire      52%          4%          1
b - Conjure Flame         Conj/Fire      13%          14%         3
c - Sticky Flame          Conj/Fire      13%          43%         4

Your spell library contained the following spells:

 Spells                   Type           Power        Failure   Level
 Inner Flame              Hex/Fire       9%           24%         3
 Fireball                 Conj/Fire      6%           78%         5


Dungeon Overview and Level Annotations

Branches:
Dungeon (3/15)

Altars:
Ashenzari
Nemelex Xobeh

Annotations:
D:3 Grinder


Innate Abilities, Weirdness & Mutations

Your plain brown scales are hard. (AC +5)
You cannot fit into any form of body armour.
You are cold-blooded and may be slowed by cold attacks.


Message History

Grinder gestures at you.
You suddenly lose the ability to move!
The foxfire hits Grinder.
Grinder is heavily wounded.
The foxfire hits Grinder.
Grinder is heavily wounded.
Grinder hits you.
You writhe in agony.
Grinder hits you! Grinder hits you!
* * * LOW HITPOINT WARNING * * *
You writhe in agony.
* * * LOW HITPOINT WARNING * * *
You can move again.
You closely miss Grinder.
Grinder is heavily wounded.
Grinder closely misses you. x2
You hit Grinder.
Your tail-slap misses Grinder.
Grinder is heavily wounded.
Grinder hits you!
You die...

....... #
....... .
.......###.
..........
....)....#
#.>......
#......5#
#......@#
..=.........#
............#
.##.....†....#
##...........
#....>......
............
.#.......[...


You could see Grinder.

Vanquished Creatures
  4 adders
  An ooze (D:1)
  A worm (D:2)
  3 dart slugs
  A leopard gecko (D:2)
  4 giant cockroaches
  5 goblins
  5 hobgoblins
  3 jackals (D:1)
  A quokka (D:2)
  8 bats
  5 frilled lizards
  3 kobolds
  4 rats
48 creatures vanquished.

Vanquished Creatures (collateral kills)
  A foxfire (D:1)
1 creature vanquished.

Vanquished Creatures (others)
  35 foxfires
35 creatures vanquished.

Grand Total: 84 creatures vanquished

Notes
Turn   | Place    | Note
-------+----------+-------------------------------------------
     0 | D:1      | nothank2 the Draconian Fire Elementalist began the quest
                  | for the Orb.
     0 | D:1      | Reached XP level 1. HP: 14/14 MP: 3/3
   188 | D:1      | Reached XP level 2. HP: 15/20 MP: 0/5
   441 | D:1      | Found a broken altar of Ashenzari.
   949 | D:1      | Reached XP level 3. HP: 26/26 MP: 6/6
  1194 | D:1      | Learned a level 3 spell: Conjure Flame
  1640 | D:2      | Found a sparkling altar of Nemelex Xobeh.
  1662 | D:2      | Reached XP level 4. HP: 33/33 MP: 6/8
  1667 | D:2      | Learned a level 4 spell: Sticky Flame
  2025 | D:3      | Noticed Grinder
  2032 | D:3      | Paralysed by Grinder for 5 turns
  2038 | D:3      | Slain by Grinder

Illustrated notes

Levels and vault maps discovered:
D:1:      matt_arrival_los_fun, layout_loops_ring, roderic_lattice_a,
          evilmike_ruin_ashenzari
D:2:      layout_loops_ring, corexii_leaking_fountain,
          nemelex_xobeh_ov_fountains_minmay
D:3:      layout_rooms, cheibriados_altar_1, minmay_misc_feat_tower,
          amcnicky_mini_pool_small, uniq_grinder

Skill      XL: |  1  2  3 |
---------------+----------+-----
Conjurations   | 2 |  2.5
Dodging        | |  1.7
Stealth        | |  1.7
Spellcasting   | |  2.9
Fire Magic     | |  3.9

Action                   |  1- 3 |  4- 6 || total
-------------------------+-------+-------++-------
Melee: Unarmed           |    35 |       ||    35
       Tailslap          |    11 |       ||    11
       Short sword       |    53 |    13 ||    66
 Cast: Foxfire           |    19 |     7 ||    26
 Stab: Sleeping          |     8 |     2 ||    10
Armor: Skin              |    30 |     1 ||    31
Dodge: Dodged            |    64 |     8 ||    72
